 Dungeon Crawl Stone Soup version 0.28-a0-1565-g95a8017c83 (webtiles) character file.

Game seed: 7696469606149826936

165 wilfster70 the Skirmisher (level 5, -2/57 HPs)
             Began as an Ogre Hunter on Jan 19, 2022.
             Slain by a river rat (6 damage)
             ... in a sewer.
             The game lasted 00:05:32 (1574 turns).

wilfster70 the Skirmisher (Ogre Hunter)             Turns: 1574, Time: 00:05:33

Health: -2/57      AC:  5    Str: 16    XL:     5   Next: 46%
Magic:  5/5        EV:  9    Int: 14    God:
Gold:   77         SH:  0    Dex:  9    Spells: 4/4 levels left

rFire   + . .      SeeInvis .   a - +1 short sword
rCold   + + .      Faith    .   (no shield)
rNeg    . . .      Spirit   .   j - +2 robe {rC+}
rPois   +          Reflect  .   (helmet restricted)
rElec   +          Harm     .   (no cloak)
rCorr   +          Rampage  .   (gloves unavailable)
Will    .....                   (boots unavailable)
Stlth   +.........              e - amulet of regeneration
HPRegen 0.99/turn               (no ring)
MPRegen 0.09/turn               (no ring)

@: resistant
A: large, unfitting armour, tough skin 1
a: no special abilities


You were in a sewer.
You visited 1 branch of the dungeon, and saw 3 of its levels.
You also visited: Sewer.

You collected 77 gold pieces.

Inventory:

Hand Weapons
 a - a +1 short sword (weapon)
 k - a +0 giant spiked club
 l - a +0 vorpal hunting sling
Missiles
 d - 2 throwing nets (quivered)
Armour
 j - a +2 robe of cold resistance (worn)
Magical Staves
 b - a staff of conjuration
Jewellery
 e - an amulet of regeneration (around neck)
Scrolls
 h - a scroll of summoning
 i - a scroll of teleportation
 r - a scroll of identify
Potions
 f - a potion of curing


   Skills:
 + Level 5.4 Fighting
 + Level 5.4 Throwing
 - Level 1.7 Dodging
 - Level 0.6 Stealth


You had 4 spell levels left.
You didn't know any spells.
Your spell library contained the following spells:

 Spells                   Type           Power      Damage    Failure   Level
 Shock                    Conj/Air       0%         1d3       28%         1
 Conjure Flame            Conj/Fire      0%         6-21      65%         3
 Ignite Poison            Fire/Tmut/Pois 0%         N/A       65%         3
 Swiftness                Air            0%         N/A       65%         3
 Airstrike                Air            0%         N/A       96%         4
 Sticky Flame             Conj/Fire      0%         2d3       96%         4


Dungeon Overview and Level Annotations

Branches:
Dungeon (3/15)              Sewer (1/1)

Altars:


Innate Abilities, Weirdness & Mutations

You are too large for most types of armour.
You have tough skin. (AC +1)


Message History

You barely miss the river rat.
You feel sick. The adder barely misses you.
The river rat bites you but does no damage.
The ball python bites you.
You hit the river rat but do no damage.
You feel sick. The adder bites you but does no damage.
The river rat barely misses you. The ball python barely misses you.
The adder bites you.
* * * LOW HITPOINT WARNING * * *
You closely miss the river rat.
You feel sick. The ball python bites you.
* * * LOW HITPOINT WARNING * * *
The river rat bites you.
* * * LOW HITPOINT WARNING * * *
The adder bites you.
* * * LOW HITPOINT WARNING * * *
The ball python barely misses you. The river rat bites you.
* * * LOW HITPOINT WARNING * * *
You puncture the river rat!
The river rat is heavily wounded.
You feel sick. The adder barely misses you. The ball python closely misses you.
The adder bites you.
* * * LOW HITPOINT WARNING * * *
The river rat bites you but does no damage.
You hit the river rat.
The river rat is severely wounded.
You feel sick.
You are no longer poisoned.
The ball python bites you.
* * * LOW HITPOINT WARNING * * *
The adder bites you but does no damage.
The river rat bites you but does no damage.
You closely miss the river rat.
The river rat is severely wounded.
The ball python bites you.
* * * LOW HITPOINT WARNING * * *
The adder barely misses you. The river rat barely misses you.
The ball python bites you but does no damage.
The adder bites you but does no damage.
You hit the river rat but do no damage.
The river rat is severely wounded.
The adder misses you. The river rat bites you.
You die...

..#
##..##
#...(##
##...(.#
#......#
∩.....#
#rS..#
#@SS#
#####


You could see an adder, a river rat and 2 ball pythons.

Vanquished Creatures
  An ogre (D:3)
  Jessica (D:3)
  2 adders (D:3)
  2 river rats (Sewer)
  2 ball pythons
  A giant cockroach (D:3)
  A hobgoblin (D:2)
  6 kobolds
  4 quokkas
  2 frilled lizards (D:3)
  2 goblins (D:3)
  A rat (D:1)
25 creatures vanquished.

Notes
Turn   | Place    | Note
-------+----------+-------------------------------------------
     0 | D:1      | wilfster70 the Ogre Hunter began the quest for the Orb.
     0 | D:1      | Reached XP level 1. HP: 22/22 MP: 1/1
   652 | D:2      | Reached XP level 2. HP: 31/31 MP: 2/2
  1281 | D:3      | Noticed an ogre
  1286 | D:3      | Killed an ogre
  1287 | D:3      | Reached skill level 5 in Throwing
  1287 | D:3      | Reached XP level 3. HP: 41/41 MP: 3/3
  1287 | D:3      | Reached XP level 4. HP: 49/49 MP: 4/4
  1482 | D:3      | Reached skill level 5 in Fighting
  1502 | D:3      | Noticed Jessica
  1506 | D:3      | Killed Jessica
  1507 | D:3      | Reached XP level 5. HP: 57/57 MP: 5/5
  1514 | D:3      | Found a glowing drain.
  1539 | Sewer    | Entered a sewer
  1574 | Sewer    | Slain by a river rat

Illustrated notes

Levels and vault maps discovered:
D:1:      psy_arrival_fountain, layout_loops_ring
D:2:      layout_basic, kennysheep_nub
D:3:      layout_rooms, portal_sewer_entry_d, uniq_jessica
Sewer:    sewer_fruit_machine

Skill      XL: |  1  2  3  4 |
---------------+-------------+-----
Fighting       | 3 4 5 |  5.4
Throwing       | 5 |  5.4
Dodging        | |  1.7
Stealth        | |  0.6

Action                   |  1- 3 |  4- 6 || total
-------------------------+-------+-------++-------
Melee: Short sword       |    29 |    71 ||   100
       Punch             |     1 |     2 ||     3
       Giant spiked club |       |    30 ||    30
Throw: Large rock        |     6 |     6 ||    12
  Use: Scroll            |     7 |       ||     7
       Potion            |       |     2 ||     2
 Stab: Sleeping          |     1 |       ||     1
Armor: Robe              |    12 |    73 ||    85
Dodge: Dodged            |    10 |    95 ||   105

Table legend: (Time is in decaauts)
 A = Elapsed time spent in this place.
 B = Non-inter-level travel time spent in this place.
 C = Inter-level travel time spent in this place.
 D = Time resting spent in this place.
 E = Time spent auto-exploring this place.
 F = Levels seen in this place.
 G = Mean time per level.
                   A        B        C        D        E       F      G
               +--------+--------+--------+--------+--------+-----+--------+
         Total |   1620 |   1526 |     94 |      4 |    779 |   4 |  405.0 |
       Dungeon |   1580 |   1486 |     94 |      4 |    779 |   3 |  526.7 |
         Sewer |     39 |     39 |      0 |      0 |      0 |   1 |   39.0 |
               +--------+--------+--------+--------+--------+-----+--------+

Top non-repeatable levels by time:
     D:1: 645 daAuts
     D:2: 586 daAuts
     D:3: 349 daAuts
   Sewer: 39 daAuts
